Workbook

Sheet PLANILHA
B1: PREFEITURA MUNICIPAL DE JOÃO NEIVA SECRETARIA MUNICIPAL DE OBRAS E SERVIÇOS URBANOS | G1: BDI: | H1: 0.309
G2: LS: | H2: 1.2833
A3: OBRA : | B3: SERVIÇOS COMPLEMENTARES PARA CONCLUSÃO DE QUADRA POLIESPORTIVA | G3: DATA BASE: SET/2018
A4: LOCAL: | B4: BAIRRO CRUBIXÁ- JOÃO NEIVA - ES
A5: AUTOR: | B5: CÁSSIO SOUZA DOS SANTOS-CREA 038550/D
A6: ITEM | B6: ORGÃO | C6: CÓD | D6: DESCRIÇÃO DOS SERVIÇOS | E6: UNID. | F6: QUANT. | G6: PREÇO UNIT. | H6: TOTAL
A7: 1.0 | D7: SERVIÇOS PRELIMINARES | H7: =SUM(H8:H11) -> 5673.68
A8: 1.1 | B8: IOPES | C8: 20305 | D8: Placa de obra nas dimensões de 2.0 x 4.0 m, padrão IOPES | E8: m² | F8: =MC!I11 -> 8 | G8: 277.46 | H8: =F8*G8 -> 2219.68 | K8: =G8*F8 -> 2219.68
A9: 1.2 | B9: IOPES | C9: 20356 | D9: Aluguel mensal container para almoxarifado, incl. porta, 2 janelas, 1 pt iluminação, Isolamento térmico (teto), piso em comp. Naval pintado, cert. NR18, incl. laudo descontaminação. | E9: mês | F9: =MC!I13 -> 2 | G9: 436.33 | H9: =F9*G9 -> 872.66 | K9: =G9*F9 -> 872.66
A10: 1.3 | B10: IOPES | C10: 20355 | D10: Aluguel mensal container sanitário, incl porta, básc, 2 ptos luz, 1 pto aterram., 3vasos, 3lavatórios, calha, mictório, 6 chuveiros (1 eletrico), torn.,registros, piso comp. Naval pintado, cert NR18 e laudo descontaminação | E10: mês | F10: =MC!I15 -> 2 | G10: 719.95 | H10: =F10*G10 -> 1439.9 | K10: =G10*F10 -> 1439.9
A11: 1.4 | B11: IOPES | C11: 20353 | D11: Aluguel mensal container para refeitorio, incl. porta, 2 janelas, abert p/ ar cond., 2 pt iluminação, 2 tomadas elét. e 1 tomada telef. Isolamento térmico (paredes e teto), piso em comp. Naval pintado, cert. NR18, incl.laudo descontaminação. | E11: mês | F11: =MC!I17 -> 2 | G11: 570.72 | H11: =F11*G11 -> 1141.44 | K11: =G11*F11 -> 1141.44
A12: 2.0 | D12: DEMOLIÇÕES E LOCAÇÃO | H12: =SUM(H13:H14) -> 645.54816 | K12: =G12*F12 -> 0
A13: 2.1 | B13: IOPES | C13: 10210 | D13: Demolição manual de concreto simples (EMOP 05.001.001) | E13: m³ | F13: =MC!I22 -> 0.972 | G13: 225.78 | H13: =F13*G13 -> 219.45816 | K13: =G13*F13 -> 219.45816
A14: 2.2 | B14: IOPES | C14: 10501 | D14: Locação de obra com gabarito de madeira | E14: m² | F14: =MC!I25 -> 21 | G14: 20.29 | H14: =F14*G14 -> 426.09 | K14: =G14*F14 -> 426.09
A15: 3.0 | B15: IOPES | D15: FUNDAÇÕES | H15: =SUM(H16:H18) -> 1360.5609 | K15: =G15*F15 -> 0
A16: 3.1 | B16: IOPES | C16: 30101 | D16: Escavação manual em material de 1a. categoria, até 1.50 m de profundidade | E16: m³ | F16: =MC!I41 -> 10.1352 | G16: 45.87 | H16: =F16*G16 -> 464.90162 | K16: =G16*F16 -> 464.90162
A17: 3.2 | B17: IOPES | C17: 30119 | D17: Apiloamento do fundo de vala com maço de 30 a 60kg | E17: m² | F17: =MC!I57 -> 22.024 | G17: 23.99 | H17: =F17*G17 -> 528.35576 | K17: =G17*F17 -> 528.35576
A18: 3.3 | B18: IOPES | C18: 30201 | D18: Reaterro apiloado de cavas de fundação, em camadas de 20 cm | E18: m³ | F18: =MC!I63 -> 7.4368 | G18: 49.39 | H18: =F18*G18 -> 367.30355 | K18: =G18*F18 -> 367.30355
A19: 4.0 | B19: IOPES | D19: ESTRUTURA | H19: =SUM(H20:H23) -> 16106.944 | K19: =G19*F19 -> 0
A20: 4.1 | B20: IOPES | C20: 40337 | D20: Fôrma em chapa de madeira compensada plastificada 12mm para estrutura em geral, 5 reaproveitamentos, reforçada com sarrafos de madeira 2.5x10cm (incl material, corte, montagem, escoras em eucalipto e desforma) | E20: m² | F20: =MC!I97 -> 51.866 | G20: 142.13 | H20: =F20*G20 -> 7371.7146 | K20: =G20*F20 -> 7371.7146
A21: 4.2 | B21: IOPES | C21: 40324 | D21: Fornecimento, preparo e aplicação de concreto Fck=25 MPa (brita 1 e 2) - (5% de perdas já incluído no custo) | E21: m³ | F21: =MC!I133 -> 6.4856 | G21: 646.25 | H21: =F21*G21 -> 4191.319 | K21: =G21*F21 -> 4191.319
A22: 4.3 | B22: IOPES | C22: 40328 | D22: Fornecimento, dobragem e colocação em fôrma, de armadura CA-50 A média, diâmetro de 6.3 a 10.0 mm | E22: kg | F22: =MC!I190 -> 456.59853 | G22: 8.76 | H22: =F22*G22 -> 3999.8031 | K22: =G22*F22 -> 3999.8031
A23: 4.4 | B23: IOPES | C23: 40246 | D23: Fornecimento, dobragem e colocação em fôrma, de armadura CA-60 B fina, diâmetro de 4.0 a 7.0mm | E23: kg | F23: =MC!I224 -> 61.76016 | G23: 8.81 | H23: =F23*G23 -> 544.10701 | K23: =G23*F23 -> 544.10701
A24: 5.0 | B24: IOPES | D24: ALVENARIA E REVESTIMENTOS | H24: =SUM(H25:H27) -> 952.33932 | K24: =G24*F24 -> 0
A25: 5.1 | B25: IOPES | C25: 50501 | D25: Alvenaria de blocos de concreto estrut. (14x19x39cm) cheios, c/ resist. mín. compr. 15MPa, assentados c/ arg. de cimento e areia no traço 1:4, esp. juntas 10mm e esp. da parede s/ revest. 14cm | E25: m² | F25: =MC!I230 -> 6.222 | G25: 93.79 | H25: =F25*G25 -> 583.56138 | K25: =G25*F25 -> 583.56138
A26: 5.2 | B26: IOPES | C26: 120101 | D26: Chapisco de argamassa de cimento e areia média ou grossa lavada, no traço 1:3, espessura 5 mm | E26: m² | F26: =MC!I235 -> 6.222 | G26: 5.64 | H26: =F26*G26 -> 35.09208 | K26: =G26*F26 -> 35.09208
A27: 5.3 | B27: IOPES | C27: 110302 | D27: Reboco tipo paulista de argamassa de cimento, cal hidratada CH1 e areia lavada traço 1:0.5:6, espessura 25 mm | E27: m² | F27: =MC!I240 -> 6.222 | G27: 53.63 | H27: =F27*G27 -> 333.68586 | K27: =G27*F27 -> 333.68586
A28: 6.0 | B28: IOPES | D28: PISO | H28: =SUM(H29:H30) -> 1530.9073 | K28: =G28*F28 -> 0
A29: 6.1 | B29: IOPES | C29: 130104 | D29: Regularização de base p/ revestimento cerâmico, com argamassa de cimento e areia no traço 1:5, espessura 5cm | E29: m² | F29: =MC!I244 -> 19.71 | G29: 30.26 | H29: =G29*F29 -> 596.4246 | K29: =G29*F29 -> 596.4246
A30: 6.2 | B30: SINAPI | C30: 73817/001 | D30: Embasamento de Material Granular - Pó De Pedra | E30: m³ | F30: =MC!I249 -> 8.3997 | G30: =84.99*1.309 -> 111.25191 | H30: =G30*F30 -> 934.48267 | K30: =G30*F30 -> 934.48267
A31: 7.0 | B31: IOPES | D31: PINTURA | H31: =SUM(H32:H33) -> 512.286 | K31: =G31*F31 -> 0
A32: 7.1 | B32: IOPES | C32: 190603 | D32: Pintura sobre pisos, marcas de referência Novacor, Coral ou Suvinil, a duas demãos | E32: m² | F32: =MC!I256 -> 19.71 | G32: 18.92 | H32: =G32*F32 -> 372.9132 | K32: =G32*F32 -> 372.9132
A33: 7.2 | B33: IOPES | C33: 190106 | D33: Pintura com tinta acrílica, marcas de referência Suvinil, Coral ou Metalatex, inclusive selador acrílico, em paredes e forros, a três demãos | E33: m² | F33: =MC!I262 -> 6.222 | G33: 22.4 | H33: =G33*F33 -> 139.3728 | K33: =G33*F33 -> 139.3728
K34: =G34*F34 -> 0
A35: 8.0 | B35: IOPES | D35: SERVIÇOS DIVERSOS | H35: =SUM(H36:H43) -> 25021.007 | K35: =G35*F35 -> 0
A36: 8.1 | B36: IOPES | C36: 210301 | D36: Guarda corpo de tubo de ferro galvanizado, diâm. 3" e 2", h=0.8 m inclusive pintura a óleo ou esmalte | E36: m | F36: =MC!I267 -> 13.5 | G36: 242.43 | H36: =F36*G36 -> 3272.805 | K36: =G36*F36 -> 3272.805
A37: 8.2 | B37: IOPES | C37: 210302 | D37: Corrimão de tubo de ferro galvanizado diâmetro 3" com chumbadores a cada 1.50m, inclusive pintura a óleo ou esmalte | E37: m | F37: =MC!I271 -> 25.5 | G37: 165.5 | H37: =F37*G37 -> 4220.25 | K37: =G37*F37 -> 4220.25
A38: 8.3 | B38: IOPES | C38: 200253 | D38: Fornecimento e assentamento de ladrilho hidráulico pastilhado, vermelho, dim. 20x20 cm, esp. 1.5cm, assentado com pasta de cimento colante, exclusive regularização e lastro | E38: m² | F38: =MC!I275 -> 0.9 | G38: 60.17 | H38: =F38*G38 -> 54.153 | K38: =G38*F38 -> 54.153
A39: 8.4 | B39: IOPES | C39: 200254 | D39: Fornecimento e assentamento de ladrilho hidráulico ranhurado, vermelho, dim. 20x20 cm, esp. 1.5cm, assentado com pasta de cimento colante, exclusive regularização e lastro | E39: m² | F39: =MC!I278 -> 2.6 | G39: 60.17 | H39: =F39*G39 -> 156.442 | K39: =G39*F39 -> 156.442
A40: 8.5 | B40: IOPES | C40: 200513 | D40: Escada tipo marinheiro de tubo de ferro 1" e 3/4", com h=4.20m, para acesso a caixa d'água, inclusive pintura em esmalte sintético, conforme detalhe em projeto | E40: und | F40: =MC!I282 -> 1 | G40: 1019.11 | H40: =F40*G40 -> 1019.11 | K40: =G40*F40 -> 1019.11
A41: 8.6 | B41: IOPES | C41: 200101 | D41: Alambrado c/ tela losangular de arame fio 12 malha 2" revest. em PVC com tubo de ferro galvanizado vertical de 2 1/2" e horizontal de 1" incl. portão, pintados com esmalte sobre fundo anticorrosivo | E41: m² | F41: =MC!I288 -> 74 | G41: 163.68 | H41: =F41*G41 -> 12112.32 | K41: =G41*F41 -> 12112.32
A42: 8.7 | B42: IOPES | C42: 71106 | D42: Portão de ferro de correr em barra chata, inclusive chumbamento | E42: m² | F42: =MC!I293 -> 5 | G42: 529.43 | H42: =F42*G42 -> 2647.15 | K42: =G42*F42 -> 2647.15
A43: 8.8 | B43: IOPES | C43: 71107 | D43: Portão de ferro de abrir em barra chata, chapa e tubo, inclusive chumbamento | E43: m² | F43: =MC!I298 -> 2.64 | G43: 582.87 | H43: =F43*G43 -> 1538.7768 | K43: =G43*F43 -> 1538.7768
G44: TOTAL GERAL | H44: =SUM(H35,H31,H28,H24,H19,H15,H12,H7) -> 51803.272
K45: =G45*F45 -> 0
H46: =SUM(H7:H43)/2 -> 51803.272 | K46: =SUM(K8:K45) -> 51803.272

Sheet MC
B1: PREFEITURA MUNICIPAL DE JOÃO NEIVA SECRETARIA MUNICIPAL DE OBRAS E SERVIÇOS URBANOS | H1: BDI: | I1: 0.309
H2: LS: | I2: 1.2833
A3: OBRA : | B3: EXECUÇÃO DE SERVIÇOS COMPLEMENTARES PARA CONCLUSÃO DA QUADRA ESPORTIVA EM CRUBIXÁ - JOÃO NEIVA | G3: DATA BASE: SET/2018
A4: LOCAL: | B4: BAIRRO CRUBIXÁ- JOÃO NEIVA - ES
A5: AUTOR: | B5: CÁSSIO SOUZA DOS SANTOS-CREA 038550/D
B6: MEMÓRIA DE CÁLCULO
A7: Item | B7: Descrição dos Serviços | E7: Unid | F7: Dimensão | I7: Total
A8: =PLANILHA!A7 -> 1.0 | B8: =PLANILHA!D7 -> SERVIÇOS PRELIMINARES
A9: =PLANILHA!A8 -> 1.1 | B9: =PLANILHA!D8 -> Placa de obra nas dimensões de 2.0 x 4.0 m, padrão IOPES | E9: m² | F9: Largura | G9: Altura
F10: 2 | G10: 4
I11: =F10*G10 -> 8
A12: =PLANILHA!A9 -> 1.2 | B12: =PLANILHA!D9 -> Aluguel mensal container para almoxarifado, incl. porta, 2 janelas, 1 pt iluminação, Isolamento térmico (teto), piso em comp. Naval pintado, cert. NR18, incl. laudo descontaminação. | E12: mês
I13: 2
A14: =PLANILHA!A10 -> 1.3 | B14: =PLANILHA!D10 -> Aluguel mensal container sanitário, incl porta, básc, 2 ptos luz, 1 pto aterram., 3vasos, 3lavatórios, calha, mictório, 6 chuveiros (1 eletrico), torn.,registros, piso comp. Naval pintado, cert NR18 e laudo descontaminação | E14: mês
I15: 2
A16: =PLANILHA!A11 -> 1.4 | B16: =PLANILHA!D11 -> Aluguel mensal container para refeitorio, incl. porta, 2 janelas, abert p/ ar cond., 2 pt iluminação, 2 tomadas elét. e 1 tomada telef. Isolamento térmico (paredes e teto), piso em comp. Naval pintado, cert. NR18, incl.laudo descontaminação. | E16: mês
I17: 2
A18: =PLANILHA!A12 -> 2.0 | B18: =PLANILHA!D12 -> DEMOLIÇÕES E LOCAÇÃO
A19: =PLANILHA!A13 -> 2.1 | B19: =PLANILHA!D13 -> Demolição manual de concreto simples (EMOP 05.001.001) | E19: m³ | F19: Dimensão | I19: Total
B20: Escada que será demolida | F20: Largura | G20: Altura | H20: Comprimento
F21: 0.9 | G21: 0.9 | H21: 1.2
I22: =F21*G21*H21 -> 0.972
F23: Dimensão
A24: =PLANILHA!A14 -> 2.2 | B24: =PLANILHA!D14 -> Locação de obra com gabarito de madeira | E24: m² | F24: 1.5 | H24: 14
I25: =F24*H24 -> 21
A26: =PLANILHA!A15 -> 3.0 | B26: =PLANILHA!D15 -> FUNDAÇÕES
A27: =PLANILHA!A16 -> 3.1 | B27: =PLANILHA!D16 -> Escavação manual em material de 1a. categoria, até 1.50 m de profundidade | F27: Dimensão | I27: Total
B28: Sapatas x(14) | E28: m³ | F28: Largura | G28: Altura | H28: Comprimento
F29: 0.6 | G29: 1 | H29: 0.6
G30: Volume por Sapata | I30: =F29*G29*H29 -> 0.36
G31: Escavação Total Sapatas (x14) | I31: =I30*14 -> 5.04
B33: Vigas Baldrame | C33: Escavação com folgas de trabalhabilidade | F33: Dimensão
F34: Largura + 0,40 | G34: Altura+0,10 | H34: Comp + 0,40
B35: V1 | F35: =0.15+0.4 -> 0.55 | G35: =0.2+0.1 -> 0.3 | H35: =13.14+0.4 -> 13.54 | I35: =F35*G35*H35 -> 2.2341
B36: V2 | F36: =0.15+0.4 -> 0.55 | G36: =0.2+0.1 -> 0.3 | H36: =13.14+0.4 -> 13.54 | I36: =F36*G36*H36 -> 2.2341
B37: V3 | F37: =0.15+0.4 -> 0.55 | G37: =0.2+0.1 -> 0.3 | H37: =1.5+0.4 -> 1.9 | I37: =F37*G37*H37 -> 0.3135
B38: V4 | F38: =0.15+0.4 -> 0.55 | G38: =0.2+0.1 -> 0.3 | H38: =1.5+0.4 -> 1.9 | I38: =F38*G38*H38 -> 0.3135
G39: Escavação Total Vigas | I39: =SUM(I35:I38) -> 5.0952
G41: Escavação Total Obra | I41: =SUM(I39+I31) -> 10.1352
A43: =PLANILHA!A17 -> 3.2 | B43: =PLANILHA!D17 -> Apiloamento do fundo de vala com maço de 30 a 60kg | F43: Dimensão | I43: Total
B44: Sapatas x(14) | E44: m² | F44: Largura | H44: Comprimento
F45: 0.6 | H45: 0.6
G46: Apiloamento por Sapata | I46: =F45*H45 -> 0.36
F47: Apiloamento Total Sapatas (x14) | I47: =I46*14 -> 5.04
B49: Vigas Baldrame | F49: Dimensão
F50: Largura + 0,40 | H50: Comp + 0,40
B51: V1 | F51: =0.15+0.4 -> 0.55 | H51: =13.14+0.4 -> 13.54 | I51: =F51*H51 -> 7.447
B52: V2 | F52: =0.15+0.4 -> 0.55 | H52: =13.14+0.4 -> 13.54 | I52: =F52*H52 -> 7.447
B53: V3 | F53: =0.15+0.4 -> 0.55 | H53: =1.5+0.4 -> 1.9 | I53: =F53*H53 -> 1.045
B54: V4 | F54: =0.15+0.4 -> 0.55 | H54: =1.5+0.4 -> 1.9 | I54: =F54*H54 -> 1.045
G55: Apiloamento Total Vigas | I55: =SUM(I51:I54) -> 16.984
G57: Apiloamento Total Obra | I57: =SUM(I55+I47) -> 22.024
A59: =PLANILHA!A18 -> 3.3 | B59: =PLANILHA!D18 -> Reaterro apiloado de cavas de fundação, em camadas de 20 cm | I59: Total
E60: m³ | F60: =G41 -> Escavação Total Obra | I60: =I41 -> 10.1352
F61: Concreto Fundações | I61: =I103+I105+I112 -> 2.6984
F63: Total Reaterro Obra | I63: =I60-I61 -> 7.4368
A64: =PLANILHA!A19 -> 4.0 | B64: =PLANILHA!D19 -> ESTRUTURA
A65: =PLANILHA!A20 -> 4.1 | B65: Fôrma em chapa de madeira compensada plastificada 12mm para estrutura em geral, 5 reaproveitamentos,reforçada com sarrafos de madeira 2.5x10cm (incl material, corte, montagem, escoras em eucalipto e desforma) | E65: m² | I65: Total
E66: Quant | F66: Dimensão
B67: Sapatas não há necessidade de formas | F67: Larg | G67: Comp | H67: Altura | I67: Total
B68: Pilaretes (x14) | E68: 14 | F68: 0.2 | G68: 0.2 | H68: 1
I69: =H68*F68*4*E68 -> 11.2
B71: Vigas Baldrame (Apenas 2 Laterais) | G71: Comp | H71: Altura | K71: Fundo não vai
B72: V1 | E72: 2 | G72: 13.14 | H72: 0.2 | I72: =G72*H72*E72 -> 5.256 | K72: 0.15 | L72: =K72*G72 -> 1.971
B73: V2 | E73: 2 | G73: 13.14 | H73: 0.2 | I73: =G73*H73*E73 -> 5.256 | K73: 0.15 | L73: =K73*G73 -> 1.971
B74: V3 | E74: 2 | G74: 1.5 | H74: 0.2 | I74: =G74*H74*E74 -> 0.6 | K74: 0.15 | L74: =K74*G74 -> 0.225
B75: V4 | E75: 2 | G75: 1.5 | H75: 0.2 | I75: =G75*H75*E75 -> 0.6 | K75: 0.15 | L75: =K75*G75 -> 0.225
I76: =SUM(I72:I75) -> 11.712 | L76: =SUM(L72:L75) -> 4.392
L77: =I76+L76 -> 16.104
E78: Quant | F78: Dimensão
B79: Pilares | F79: Larg | H79: Altura
B80: P1=P2=P8=P9 | E80: 4 | F80: 0.2 | H80: 0.85 | I80: =F80*H80*4*E80 -> 2.72
B81: P3=P10 | E81: 2 | F81: 0.2 | H81: 0.7 | I81: =F81*H81*4*E81 -> 1.12
B82: P4=P11 | E82: 2 | F82: 0.2 | H82: 0.54 | I82: =F82*H82*4*E82 -> 0.864
B83: P5=P12 | E83: 2 | F83: 0.2 | H83: 0.38 | I83: =F83*H83*4*E83 -> 0.608
B84: P6=P13 | E84: 2 | F84: 0.2 | H84: 0.22 | I84: =F84*H84*4*E84 -> 0.352
I85: =SUM(I80:I84) -> 5.664
B87: Vigas Nível Superior | F87: Dimensão
E88: Quant | F88: Comprimento | G88: Largura | H88: Altura | I88: Total
B89: V1 (x8) | E89: 8 | F89: 1.5 | G89: 0.15 | H89: 0.2 | I89: =(H89+0.15+0.2)*F89*E89 -> 6.6
B90: V9 e V10 Inclinada | E90: 2 | F90: 11.9 | G90: 0.15 | H90: 0.2 | I90: =(H90+0.15+0.2)*F90*E90 -> 13.09
I91: =SUM(I89+I90) -> 19.69
B93: Piso da Rampa | F93: Dimensão
F94: Comprimento | G94: Largura | H94: Altura | I94: Total
F95: 13.5 | G95: 1.5 | H95: 0.12
I96: =(F95+G95+F95+G95)*H95 -> 3.6
F97: Forma Total da Obra | I97: =I69+I76+I85+I91+I96 -> 51.866
A99: =PLANILHA!A21 -> 4.2 | B99: =PLANILHA!D21 -> Fornecimento, preparo e aplicação de concreto Fck=25 MPa (brita 1 e 2) - (5% de perdas já incluído no custo) | F99: Dimensão | I99: Total
B100: Sapatas x(14) | E100: m³ | F100: Largura | G100: Altura | H100: Comprimento
F101: 0.6 | G101: 0.25 | H101: 0.6
G102: Concreto por Sapata | I102: =F101*H101*G101 -> 0.09
F103: Total Concreto Sapatas (x14) | I103: =I102*14 -> 1.26
B104: Pilaretes (x14) | E104: 14 | F104: 0.2 | G104: 0.2 | H104: 1
I105: =E104*F104*G104*H104 -> 0.56
B107: Vigas Baldrame | F107: Largura | G107: Comp | H107: Altura | I107: Total
B108: V1 | F108: 0.15 | G108: 13.14 | H108: 0.2 | I108: =H108*G108*F108 -> 0.3942
B109: V2 | F109: 0.15 | G109: 13.14 | H109: 0.2 | I109: =H109*G109*F109 -> 0.3942
B110: V3 | F110: 0.15 | G110: 1.5 | H110: 0.2 | I110: =H110*G110*F110 -> 0.045
B111: V4 | F111: 0.15 | G111: 1.5 | H111: 0.2 | I111: =H111*G111*F111 -> 0.045
I112: =SUM(I108:I111) -> 0.8784
...

Sheet CRONOGRAMA
B1: CRONOGRAMA FÍSICO-FINANCEIRO SECRETARIA MUNICIPAL DE OBRAS E SERVIÇOS URBANOS
A2: OBRA : | B2: SERVIÇOS COMPLEMENTARES PARA CONCLUSÃO DE QUADRA POLIESPORTIVA
A3: LOCAL: | B3: BAIRRO CRUBIXÁ- JOÃO NEIVA - ES
A4: AUTOR: | B4: CÁSSIO SOUZA DOS SANTOS-CREA 038550/D
A6: ITEM | B6: DESCRIÇÃO | D6: VALORES (R$) | E6: PERÍODO (MESES)
E7: 1º Mês | F7: 2º Mês | G7: Conferencia
A8: 1.0 | B8: =PLANILHA!D7 -> SERVIÇOS PRELIMINARES | C8: Físico (%) | D8: =D9/D26 -> 0.10952358 | E8: =E9/D9 -> 1 | G8: =SUM(E8:F8) -> 1
C9: Financeiro (R$) | D9: =PLANILHA!H7 -> 5673.68 | E9: =D9 -> 5673.68
A10: 2.0 | B10: =PLANILHA!D12 -> DEMOLIÇÕES E LOCAÇÃO | C10: Físico (%) | D10: =D11/D26 -> 0.012461532 | E10: =E11/D11 -> 1 | G10: =SUM(E10:F10) -> 1
C11: Financeiro (R$) | D11: =PLANILHA!H12 -> 645.54816 | E11: =D11 -> 645.54816
A12: 3.0 | B12: =PLANILHA!D15 -> FUNDAÇÕES | C12: Físico (%) | D12: =D13/D26 -> 0.026263996 | E12: =E13/D13 -> 1 | G12: =SUM(E12:F12) -> 1
C13: Financeiro (R$) | D13: =PLANILHA!H15 -> 1360.5609 | E13: =D13 -> 1360.5609
A14: 4.0 | B14: =PLANILHA!D19 -> ESTRUTURA | C14: Físico (%) | D14: =D15/D26 -> 0.31092522 | E14: =E15/D15 -> 1 | G14: =SUM(E14:F14) -> 1
C15: Financeiro (R$) | D15: =PLANILHA!H19 -> 16106.944 | E15: =D15 -> 16106.944
A16: 5.0 | B16: =PLANILHA!D24 -> ALVENARIA E REVESTIMENTOS | C16: Físico (%) | D16: =D17/D26 -> 0.018383768 | E16: =E17/D17 -> 1 | G16: =SUM(E16:F16) -> 1
C17: Financeiro (R$) | D17: =PLANILHA!H24 -> 952.33932 | E17: =D17 -> 952.33932
A18: 6.0 | B18: =PLANILHA!D28 -> PISO | C18: Físico (%) | D18: =D19/D26 -> 0.029552328 | E18: =E19/D19 -> 1 | G18: =SUM(E18:F18) -> 1
C19: Financeiro (R$) | D19: =PLANILHA!H28 -> 1530.9073 | E19: =D19 -> 1530.9073
A20: 7.0 | B20: =PLANILHA!D31 -> PINTURA | C20: Físico (%) | D20: =D21/D26 -> 0.0098890664 | F20: =F21/D21 -> 1 | G20: =SUM(E20:F20) -> 1
C21: Financeiro (R$) | D21: =PLANILHA!H31 -> 512.286 | F21: =D21 -> 512.286
A22: 8.0 | B22: =PLANILHA!D35 -> SERVIÇOS DIVERSOS | C22: Físico (%) | D22: =D23/D26 -> 0.48300051 | F22: =F23/D23 -> 1 | G22: =SUM(E22:F22) -> 1
C23: Financeiro (R$) | D23: =PLANILHA!H35 -> 25021.007 | F23: =D23 -> 25021.007
A24: Total Parcial (%) | E24: =E26/D26 -> 0.50711043 | F24: =F26/D26 -> 0.49288957 | G24: =SUM(D24:F24) -> 1
A25: Total Físico (%) | D25: =SUM(D8,D10,D12,D14,D16,D18,D20,D22) -> 1 | E25: =E24 -> 0.50711043 | F25: =F24+E25 -> 1
A26: Total Financeiro (R$) | D26: =SUM(D9+D11+D13+D15+D17+D19+D21+D23) -> 51803.272 | E26: =SUM(E9,E11,E13,E15,E17,E19,E21,E23) -> 26269.979 | F26: =SUM(F9,F11,F13,F15,F17,F19,F21,F23) -> 25533.293
A27: Total Acumulado (R$) | E27: =E26 -> 26269.979 | F27: =F26+E27 -> 51803.272
